 Dungeon Crawl Stone Soup version 0.22.0-36-g8e74550 (webtiles) character file.

113 Loudmushroom the Shield-Bearer (level 4, -1/41 HPs)
             Began as a Minotaur Fighter on Aug 24, 2018.
             Killed by divine providence
             ... invoked by an orc priest
              (14 damage)
             ... on level 3 of the Dungeon.
             The game lasted 00:11:19 (2319 turns).

Loudmushroom the Shield-Bearer (Minotaur Fighter)   Turns: 2319, Time: 00:11:19

Health: -1/41      AC: 13    Str: 20    XL:     4   Next: 65%
Magic:  3/3        EV:  4    Int:  5    God:
Gold:   69         SH:  9    Dex: 11    Spells: 3/3 levels left

rFire    . . .     SeeInvis .   a - +0 war axe
rCold    . . .     Gourm    .   c - +0 shield
rNeg     . . .     Faith    .   n - +0 plate armour
rPois    .         Spirit   .   (helmet restricted)
rElec    .         Reflect  .   (no cloak)
rCorr    .         Harm     .   u - +0 pair of gloves
MR       .....                  (no boots)
Stlth    ..........             (no amulet)
HPRegen  0.13/turn              (no ring)
MPRegen  0.08/turn              (no ring)

@: no status effects
A: retaliatory headbutt, horns 2
a: no special abilities


You were on level 3 of the Dungeon.
You were not hungry.

You visited 1 branch of the dungeon, and saw 3 of its levels.

You collected 69 gold pieces.

Inventory:

Hand Weapons
 a - a +0 war axe (weapon)
 i - a +0 mace
 j - a +0 hunting sling
Missiles
 e - 156 stones (quivered)
 q - 40 arrows
Armour
 c - a +0 shield (worn)
 n - a +0 plate armour (worn)
 u - a +0 pair of gloves (worn)
Jewellery
 g - an uncursed ring of ice {unknown}
 h - an uncursed ring of protection from fire {unknown}
Scrolls
 k - a scroll of teleportation {unknown}
 m - a scroll of amnesia {unknown}
 o - 2 scrolls of enchant weapon {unknown}
 p - a scroll of blinking {unknown}
 s - a scroll of remove curse {unknown}
Potions
 b - 5 potions of heal wounds {unknown}
 d - a potion of might
 l - 2 potions of brilliance {unknown}
 t - a potion of agility {unknown}
Comestibles
 f - 2 rations
 r - 8 chunks of flesh


   Skills:
 + Level 4.3 Fighting
 * Level 4.2 Axes
 + Level 4.3 Armour
 + Level 4.4 Shields


You had 3 spell levels left.
You didn't know any spells.
Your spell library contained the following spells:

 Spells                   Type           Power        Failure   Level  Hunger
 Magic Dart               Conj           #...         100%        1    ##.....
 Blink                    Tloc           N/A          100%        2    ###....
 Call Imp                 Summ           #.......     100%        2    ###....
 Slow                     Hex            #.......     100%        2    ###....
 Conjure Flame            Conj/Fire      #.......     100%        3    ####...
 Mephitic Cloud           Conj/Pois/Air  #.......     100%        3    ####...


Dungeon Overview and Level Annotations

Branches:
Dungeon (3/15)

Altars:


Innate Abilities, Weirdness & Mutations

You reflexively headbutt those who attack you in melee.
You have a pair of horns on your head.


Message History

The orc is moderately wounded.
The orc hits you but does no damage.
You slash the orc!
You kill the orc!
The orc priest looks encouraged for a moment.
The jackal bites you but does no damage.
You slash the jackal!
You kill the jackal!
The jackal bites you but does no damage.
You barely miss the jackal. You headbutt the jackal.
You kill the jackal!
The orc priest calls down the wrath of Beogh upon you.
Beogh smites you!
The orc priest calls down the wrath of Beogh upon you.
Pain shoots through your body!
You barely miss the orc. You headbutt the orc!
You kill the orc!
The orc priest calls down the wrath of Beogh upon you.
Beogh smites you!
You die...

[.........)..###
..........#..#
..........#..###
...............#
..........###.##
###....### #.#
.....#...## #.#
########..###.#########
##...(..@)o.....
#####.###o..... #...
..... ###.# .... ## ...
.. .


You could see 2 orc priests.

Vanquished Creatures
  2 adders (D:2)
  2 worms (D:2)
  3 dart slugs
  3 leopard geckos
  3 orcs (D:3)
  3 giant cockroaches
  6 goblins
  5 hobgoblins
  3 jackals (D:3)
  13 kobolds
  4 ball pythons
  8 bats
  7 frilled lizards
  16 rats
78 creatures vanquished.

Notes
Turn   | Place    | Note
-------+----------+-------------------------------------------
     0 | D:1      | Loudmushroom the Minotaur Fighter began the quest for the Orb.
     0 | D:1      | Reached XP level 1. HP: 19/19 MP: 0/0
   198 | D:1      | Reached XP level 2. HP: 27/27 MP: 1/1
   682 | D:2      | Reached XP level 3. HP: 9/33 MP: 2/2
  1493 | D:2      | Reached XP level 4. HP: 39/40 MP: 3/3
  2319 | D:3      | Killed from afar by an orc priest

Skill      XL: |  1  2  3  4 |
---------------+-------------+-----
Axes           | 3 4 |  4.2
Fighting       | 4 |  4.3
Armour         | 4 |  4.3
Shields        | 4 |  4.4

Action                   |  1- 3 |  4- 6 || total
-------------------------+-------+-------++-------
Melee: War axe           |   125 |    75 ||   200
       Headbutt          |    17 |    11 ||    28
  Eat: Chunk             |     2 |     3 ||     5
Armor: Scale mail        |    19 |       ||    19
       Plate armour      |    92 |    46 ||   138
Dodge: Dodged            |    34 |    15 ||    49
Block: Shield            |   105 |    44 ||   149
